 Dungeon Crawl Stone Soup version 0.30.0-20-g3615ddf2f0 (webtiles) character file.

Game seed: 10009299134610073747

78 qw the Chopper (level 4, -1/28 HPs)
             Began as a Gargoyle Fighter on May 31, 2023.
             Killed by nerve-wracking pain
             ... invoked by Jessica
              (2 damage)
             ... on level 3 of the Dungeon.
             The game lasted 00:00:53 (1761 turns).

qw the Chopper (Gargoyle Fighter)                   Turns: 1761, Time: 00:00:54

Health: -1/28      AC: 11    Str: 22    XL:     4   Next: 36%
Magic:  4/4        EV:  9    Int:  8    God:
Gold:   110        SH:  4    Dex:  9    Spells: 3/3 levels left

rFire   . . .        Y - +0 war axe
rCold   . . .        c - +0 buckler
rNeg    + . .        b - +0 scale mail
rPois   inf          (no helmet)
rElec   +            (no cloak)
rCorr   +            n - +0 pair of gloves
SInv    .            (no boots)
Will    .....        (no amulet) Stlth
                     e - ring of resist corrosion
HPRegen 0.24/turn    (no ring)
MPRegen 0.09/turn

%: no passive effects
@: no status effects
A: sickness immunity, AC +3, negative energy resistance 1, electricity
resistance, torment resistance 1, petrification resistance
a: no special abilities


You were on level 3 of the Dungeon.
You visited 1 branch of the dungeon, and saw 3 of its levels.

You collected 110 gold pieces.


Innate Abilities, Weirdness & Mutations

You are immune to sickness and miasma.
Your stone body is resilient. (AC +3)
You are immune to poison.
You resist negative energy. (rN+)
You are resistant to electric shocks. (rElec)
You are resistant to unholy torment.
You are immune to petrification.


   Skills:
 - Level 3.2 Fighting
 + Level 4.1 Axes
 - Level 3.2 Armour
 - Level 3.2 Shields


You had 3 spell levels left.
You didn't know any spells.
Your spell library was empty.

Inventory:

Hand Weapons
 g - a +1 mace of protection
 Y - a +0 war axe (weapon)
Armour
 b - a +0 scale mail (worn)
 c - a +0 buckler (worn)
 n - a +0 pair of gloves (worn)
Jewellery
 e - a ring of resist corrosion (left hand)
Potions
 d - 2 potions of might
 f - a potion of magic {unknown}
 h - 2 potions of lignification
 i - a potion of mutation {unknown}
 j - a potion of curing {unknown}
 k - a potion of resistance {unknown}

Dungeon Overview and Level Annotations

Branches:
Dungeon (3/15)

Altars:

Annotations:
D:3 Jessica


Message History

Something tries to affect you, but you resist.
You barely miss something. You block something's attack. Something hits you.
You hit something. Something hits you.
You hear some strange, mumbled words.
You swing at nothing.
You closely miss something. Something hits you. x2
You barely miss something. Something hits you but does no damage.
You hear some strange, mumbled words.
Pain shoots through your body!
You closely miss something.
Something hits you but does no damage. x2
You barely miss something. Something hits you but does no damage.
You hear some strange, mumbled words.
You swing at nothing.
You swing at nothing.
You hit something.
Something hits you but does no damage. x2
You barely miss something.
You hear some strange, mumbled words.
Pain shoots through your body! Something hits you.
You closely miss something.
You hear some strange, mumbled words.
You swing at nothing.
You miss something. Something hits you but does no damage.
You block something's attack.
You barely miss something.
Something hits you but does no damage. x2
You closely miss something.
You hear some strange, mumbled words.
Pain shoots through your body! Something hits you.
You barely miss something.
You hear some strange, mumbled words.
You swing at nothing.
Pain shoots through your body!
You die...

#..#. ###..#.
....... .......
....... .......
.## #
.......#####..#..
.......@...#...
...........#.#
.##....).....#
.............#
...........?.+
..#..........###
. #.........<..#
+..........#.#
#..........# #


There were no monsters in sight!

Vanquished Creatures
  3 adders (D:2)
  A worm (D:2)
  A dart slug (D:2)
  3 endoplasms
  2 giant cockroaches
  4 goblins
  6 hobgoblins
  3 kobolds
  3 ball pythons (D:1)
  8 bats
  3 frilled lizards
  7 rats
44 creatures vanquished.

Notes
Turn   | Place    | Note
-------+----------+-------------------------------------------
     0 | D:1      | qw the Gargoyle Fighter began the quest for the Orb.
     0 | D:1      | Reached XP level 1. HP: 14/14 MP: 1/1
     0 | D:1      | 0 ||| qw: Version: 0.2-a-102-gfc559e5
     0 | D:1      | 0 ||| qw: Game counter: 597
     0 | D:1      | 0 ||| qw: Always use a shield: true
     0 | D:1      | 0 ||| qw: God list: Okawaru
     0 | D:1      | 0 ||| qw: Allow faded altars: false
     0 | D:1      | 0 ||| qw: Do Orc after D:15 true
     0 | D:1      | 0 ||| qw: Do second Lair branch before Depths: true
     0 | D:1      | 0 ||| qw: Lair rune preference: random
     0 | D:1      | 0 ||| qw: Plans: Normal, Zot:1-4, Slime:5, God:TSO, Crypt,
                  | Tomb, Pan, Hells, Abyss, Win
     0 | D:1      | 0 ||| PLANNING D:1-11
   195 | D:1      | Reached skill level 2 in Axes
   278 | D:1      | Reached XP level 2. HP: 19/19 MP: 2/2
   987 | D:1      | 987 ||| UPGRADING to ring of resist corrosion.
   988 | D:1      | 988 ||| READING scroll labelled ECZENU ZOXZUJ.
  1079 | D:2      | 1079 ||| STAIRDANCE
  1088 | D:2      | 1088 ||| DROPPING +0 whip.
  1114 | D:2      | Reached skill level 3 in Axes
  1134 | D:2      | Reached XP level 3. HP: 23/23 MP: 3/3
  1146 | D:2      | 1146 ||| Stepping ~*~*~tactically~*~*~ (stealth).
  1351 | D:2      | 1351 ||| Stepping ~*~*~tactically~*~*~ (hiding).
  1406 | D:2      | Reached XP level 4. HP: 28/28 MP: 4/4
  1635 | D:2      | Reached skill level 4 in Axes
  1647 | D:2      | 1647 ||| UPGRADING to +0 pair of gloves.
  1652 | D:2      | 1652 ||| DROPPING ring of wizardry.
  1653 | D:2      | 1653 ||| READING scroll labelled FUNKUU PES KOT.
  1654 | D:2      | 1654 ||| READING scroll labelled YNLOSI ASYALA.
  1655 | D:2      | 1655 ||| DRINKING 3 fuming purple potions.
  1729 | D:3      | Noticed Jessica
  1733 | D:3      | 1733 ||| Stepping ~*~*~tactically~*~*~ (hiding).
  1734 | D:3      | 1734 ||| Stepping ~*~*~tactically~*~*~ (hiding).
  1736 | D:3      | 1736 ||| Stepping ~*~*~tactically~*~*~ (hiding).
  1754 | D:3      | HP: 5/28 [something (5)]
  1759 | D:3      | HP: 5/28 [something/nerve-wracking pain (2)]
  1759 | D:3      | HP: 1/28 [something (4)]
  1761 | D:3      | Killed from afar by Jessica

Levels and vault maps discovered:
D:1:      elethiomel_arrival_shortcut, layout_basic, minmay_door_square
D:2:      kennysheep_six_static_rooms, layout_rooms, amcnicky_mini_pool_small
D:3:      layout_basic, lemuel_crystal_altar, serial_curves, eino_curves_03,
          eino_curves_01, uniq_jessica

Skill      XL: |  1  2  3  4 |
---------------+-------------+-----
Axes           | 2 3 4 |  4.1
Fighting       | |  3.2
Armour         | |  3.2
Shields        | |  3.2

Action                     |  1- 3 |  4- 6 || total
---------------------------+-------+-------++-------
  Melee: War axe           |    85 |    54 ||   139
    Use: Scroll            |     1 |     2 ||     3
         Potion            |       |     1 ||     1
 Armour: Scale mail        |    42 |    40 ||    82
  Dodge: Dodged            |    36 |    21 ||    57
  Block: Buckler           |    12 |    11 ||    23

Table legend:
 A = Non-vault XP
 B = Vault XP
 C = Vault XP percentage of total XP
 D = Non-vault monster count
 E = Vault monster count
 F = Vault count percentage of total count
                 A         B        C        D         E       F
            +---------+---------+-------+---------+---------+-------
      Total |      87 |      25 |  22.3 |      38 |       6 |  13.6
            +---------+---------+-------+---------+---------+-------
        D:1 |      24 |       0 |   0.0 |      15 |       0 |   0.0
        D:2 |      61 |      25 |  29.1 |      22 |       6 |  21.4
        D:3 |       2 |       0 |   0.0 |       1 |       0 |   0.0
            +---------+---------+-------+---------+---------+-------
